 Dungeon Crawl Stone Soup version 0.15.0-22-g71df38d (console) character file.

129 gw the Bolt Thrower (level 5, -9/31 HPs)
             Began as a Kobold Hunter on Sept 8, 2014.
             Killed by divine providence
             ... invoked by an orc priest
              (11 damage)
             ... on Level 4 of the Dungeon.
             The game lasted 00:01:28 (2763 turns).

gw the Bolt Thrower (Kobold Hunter)                 Turns: 2763, Time: 00:01:28

HP  -9/31        AC  6     Str 10      XL: 5   Next: 35%
MP   5/5         EV 11     Int  9      God:
Gold 0           SH  0     Dex 18      Spells:  0 memorised,  4 levels left

rFire  . . .     SeeInvis .     a - +1 short sword
rCold  . . .     Clarity  +     g - +0 ring mail
rNeg   . . .     rCorr    .     (no shield)
rPois  .         rRot     .     (no helmet)
rElec  .         Spirit   .     (no cloak)
SustAb .         Warding  .     (no gloves)
rMut   .         Stasis   .     n - +0 pair of boots
Gourm  .                        (no amulet)
MR     .....                    (no ring)
                                (no ring)

@: slowed, very slow, not resistant to hostile enchantments, very unstealthy
A: carnivore 3, clarity
a: no special abilities


You were on level 4 of the Dungeon.
You were very full.

You visited 1 branch of the dungeon, and saw 4 of its levels.

Inventory:

Hand weapons
 a - a +1 short sword (weapon)
 b - a +2 hand crossbow
Missiles
 c - 15 bolts
 m - 8 bolts of frost
Armour
 g - a +0 ring mail (worn)
 n - a +0 pair of boots (worn)
Magical devices
 k - a wand of invisibility (4)
Comestibles
 f - 4 meat rations
 l - 2 beef jerkies
 o - a royal jelly
Scrolls
 i - a scroll of identify
Potions
 d - a potion of curing
 e - a potion of restore abilities


   Skills:
 + Level 2.3 Fighting
 + Level 2.5 Short Blades
 * Level 5.9 Crossbows
 + Level 3.6 Dodging
 - Level 1.3 Stealth


You had 4 spell levels left.
You didn't know any spells.

Dungeon Overview and Level Annotations

Branches:
Dungeon (4/15)
 Temple: D:4-7

Altars:

Shops:
D:4 ?

Annotations:
D:3 exclusion: downstairs


Innate Abilities, Weirdness & Mutations

You are small and have problems with some larger weapons.
You are carnivorous and can eat meat at any time.
You possess an exceptional clarity of mind.


Message History

You hit the orc priest but do no damage.
The orc priest is lightly wounded.
The orc wizard casts a spell.
The orc wizard blinks!
The orc hits you but does no damage.
The orc priest hits you but does no damage.
The orc priest hits you with a club.
ATTACK MOVE TO (1,-1)
You closely miss the orc priest.
The orc priest is lightly wounded.
The orc hits you but does no damage. The orc priest hits you with a club.
The orc priest hits you from afar with a trident.
The orc completely misses you.
The orc priest mumbles some strange prayers to Beogh against you.
Something smites you!
ATTACK MOVE TO (1,-1)
You hit the orc priest.
The orc priest is lightly wounded.
The orc priest calls down the wrath of Beogh upon you.
Something smites you!
You die...

............ ..
.............. ...#
##..............
....##................
.......................
#................... #
#...........o......
..##....<.....oo.......
#..............K........
#................oO......
........................
###.(.................%..
#.....)................
####......................
..........................?
####.......................
#........................


You could see an ogre, 2 orc priests, an orc wizard and an orc.

Table legend:
 A = Turns spent in this place as a percentage of turns spent in the entire game.
 B = Non-inter-level travel turns spent in this place as a percentage of non-inter-level travel turns spent in the entire game.
 C = Inter-level travel turns spent in this place as a percentage of turns spent in this place.
 D = Turns resting spent in this place as a percentage of non-inter-level travel turns spent in this place.
 E = Turns spent auto-exploring this place as a percentage of non-inter-level travel turns spent in this place.
 F = Non-inter-level travel turns spent in this place divided by the number of levels of this place that you've seen.
                   A       B       C       D       E      F
               +-------+-------+-------+-------+-------+----------------------
         Total | 100.0 | 100.0 |   0.8 |   3.0 |  19.9 | 164.2
       Dungeon | 100.0 | 100.0 |   0.8 |   3.0 |  19.9 | 164.2
               +-------+-------+-------+-------+-------+----------------------

Table legend:
 A = Kills in this place as a percentage of kills in entire the game.
 B = Kills by you in this place as a percentage of kills by you in the entire game.
 C = Kills by friends in this place as a percentage of kills by friends in the entire game.
 D = Other kills in this place as a percentage of other kills in the entire game.
 E = Experience gained in this place as a percentage of experience gained in the entire game.
 F = Experience gained in this place divided by the number of levels of this place that you have seen.
                   A       B       C       D       E      F
               +-------+-------+-------+-------+-------+----------------------
         Total | 100.0 | 100.0 |  -nan |  -nan | 100.0 |  46.2
       Dungeon | 100.0 | 100.0 |  -nan |  -nan | 100.0 |  46.2
               +-------+-------+-------+-------+-------+----------------------

Vanquished Creatures
  A goliath beetle (D:3)
  2 worker ants
  An adder (D:2)
  3 orcs
  3 bats
  3 giant cockroaches
  6 goblins
  6 hobgoblins
  7 kobolds
  A giant gecko (D:2)
  3 giant newts
  3 rats
39 creatures vanquished.

Notes
Turn   | Place    | Note
--------------------------------------------------------------
     0 | D:1      | gw, the Kobold Hunter, began the quest for the Orb.
     0 | D:1      | Reached XP level 1. HP: 12/12 MP: 1/1
   234 | D:1      | Reached skill level 5 in Crossbows
   312 | D:1      | Reached XP level 2. HP: 16/16 MP: 2/2
   343 | D:1      | Reached skill level 1 in Short Blades
  1132 | D:2      | Reached XP level 3. HP: 18/20 MP: 3/3
  1820 | D:2      | Gained mutation: You possess an exceptional clarity of mind. [potion of beneficial mutation]
  1923 | D:3      | Reached XP level 4. HP: 24/26 MP: 4/4
  2327 | D:3      | Reached XP level 5. HP: 30/30 MP: 5/5
  2527 | D:4      | Found Sebub's Magic Scroll Emporium.
  2528 | D:4      | Noticed an ogre
  2763 | D:4      | Killed from afar by an orc priest

Action                   |  1- 3 |  4- 6 || total
-------------------------+-------+-------++-------
Melee: Short sword       |    34 |    39 ||    73
 Fire: Hand crossbow     |    42 |    26 ||    68
Evoke: Wand              |     1 |       ||     1
  Use: Scroll            |     7 |     1 ||     8
       Potion            |     6 |     3 ||     9
  Eat: Chunk             |     3 |    10 ||    13

Vault maps used:
D:1:      minmay_arrival_five_plusses, st_stairs_6
D:2:      serial_bayou, serial_bayou_shore_a, serial_bayou_lake_a,
          serial_bayou_ford_a, serial_bayou_lagoon_b, first_bread,
          hangedman_decor_peaks_small
D:4:      lemuel_crystal_altar, nicolae_dithmenos_shadow_blocks, serial_shops,
          shop, vehumet_altar_wand_db
